 Dungeon Crawl Stone Soup version 0.32-a0-699-g1ee5eff69a (webtiles) character file.

Game seed: 506756470403797246

317 mopl the Twirler (level 6, -4/44 HPs)
             Began as a Formicid Gladiator on Mar 13, 2024.
             Slain by Edmund
             ... wielding a +2 heavy flail
              (13 damage)
             ... on level 4 of the Dungeon.
             The game lasted 00:03:12 (2794 turns).

mopl the Twirler (Formicid Gladiator)               Turns: 2794, Time: 00:03:13

Health: -4/44      AC: 11    Str: 26    XL:     6   Next: 73%
Magic:  6/6        EV:  6    Int:  8    God:
Gold:   151        SH:  0    Dex: 15    Spells: 5/5 levels left

rFire   . . .        a - +0 quarterstaff
rCold   . . .        (no shield)
rNeg    . . .        u - +0 plate armour
rPois   .            (helmet unavailable)
rElec   .            s - +0 cloak
rCorr   .            (no gloves)
SInv    +            (no boots)
Will    .....        (no amulet) Stlth
                     q - +6 ring of strength
HPRegen 0.27/turn    (no ring)
MPRegen 0.10/turn

%: no passive effects
@: no status effects
A: permanent stasis, dig shafts and tunnels, antennae 3, four strong arms
a: Dig, Shaft Self


You were on level 4 of the Dungeon.
You visited 1 branch of the dungeon, and saw 4 of its levels.

You collected 151 gold pieces.

Inventory:

Hand Weapons
 a - a +0 quarterstaff (weapon)
Missiles
 d - 5 javelins
 k - a poisoned dart
Armour
 s - a +0 cloak (worn)
 u - a +0 plate armour (worn)
Jewellery
 q - a +6 ring of strength (left hand)
Scrolls
 f - a scroll of revelation {unknown}
 g - 3 scrolls of identify {unknown}
 i - a scroll of vulnerability {unknown}
 j - 2 scrolls of torment {unknown}
 l - 2 scrolls of poison {unknown}
 m - 3 scrolls of fear {unknown}
 p - 2 scrolls of teleportation {unknown}
Potions
 b - a potion of invisibility {unknown}
 e - a potion of attraction {unknown}
 h - a potion of ambrosia {unknown}
 n - a potion of haste {unknown}
 o - a potion of enlightenment {unknown}
 r - a potion of curing {unknown}
 t - a potion of brilliance {unknown}


   Skills:
 - Level 2.1 Fighting
 * Level 7.0 Staves
 - Level 2.0 Throwing
 - Level 2.6 Dodging


You had 5 spell levels left.
You didn't know any spells.
Your spell library contained the following spells:

 Spells                   Type           Power      Damage    Failure   Level
 Freeze                   Ice            0%         1d3       100%        1
 Frozen Ramparts          Ice            0%         1d1       100%        3
 Hailstorm                Conj/Ice       0%         3d5       100%        3
 Brom's Barrelling Bould  Conj/Erth      0%         2d3       100%        4
 Fireball                 Conj/Fire      0%         3d3       100%        5
 Iskenderun's Battlesphe  Conj           0%         2d6       100%        5
 Conjure Ball Lightning   Conj/Air       0%         3x3d6     100%        6
 Orb of Destruction       Conj           0%         9d5       100%        7


Dungeon Overview and Level Annotations

Branches:
Dungeon (4/15)
 Temple: D:4-7

Altars:
The Shining One

Annotations:
D:4 Edmund


Innate Abilities, Weirdness & Mutations

You cannot be hasted, slowed, berserked, paralysed or teleported.
You can dig through walls and to a lower floor.
You have a pair of large antennae on your head. (SInv)
Your four strong arms can wield two-handed weapons with a shield.


Message History

Edmund is lightly wounded.
You hit Edmund but do no damage.
Edmund is lightly wounded.
Edmund says, "You wouldn't believe how much I paid for this flail."
Edmund struggles against the net.
You hit Edmund but do no damage.
Edmund is lightly wounded.
Edmund struggles against the net.
You strike the helpless Edmund from behind!
You hit Edmund.
Edmund is moderately wounded.
Edmund struggles against the net.
You strike the helpless Edmund from behind!
You hit Edmund but do no damage.
Edmund is moderately wounded.
Edmund struggles against the net.
You strike the helpless Edmund from behind!
You sock Edmund!
Edmund is heavily wounded.
Edmund struggles against the net.
The net rips apart, and Edmund comes free!
You hit Edmund.
Edmund is heavily wounded.
Edmund hits you with a +2 heavy flail.
You hit Edmund.
Edmund is heavily wounded.
Edmund hits you with a +2 heavy flail!
You hit Edmund.
Edmund is severely wounded.
You hit Edmund but do no damage.
Edmund is severely wounded.
Edmund hits you with a +2 heavy flail!
* * * LOW HITPOINT WARNING * * *
You hit Edmund.
Edmund is severely wounded.
You closely miss Edmund.
Edmund is severely wounded.
Edmund hits you with a +2 heavy flail!
You die...
Edmund says, "I'd like to see a scythe do that!"

###.##.##.#.#.).....#.#.#
#.##.##.#.#....#[.#.#.#
###.##.##.#.#.#..#....#.#
..........#.#.#..#.#..#.#########
###.##.####.#.#....#..#.##.......
#...............###...##.######
###..#...........##.##..##.#.....
................##...##......>###
###..######.#..#@@...(##.......##
......#####...##.......##........
............###...._....###....##
####.#........##.......##........
#.#.#.......##.....##.......##
#.#...<#.....##...##..#.#...#
####.###.#####...##.##..##.#...#
..................###.....^#...#
.###........####...#..######...#


You could see Edmund.

Vanquished Creatures
  Pargi (D:4)
  A scorpion (D:4)
  An orc priest (D:3)
  An orc wizard (D:3)
  4 adders
  A dart slug (D:3)
  2 ribbon worms
  4 orcs
  5 endoplasms
  4 giant cockroaches
  8 goblins
  3 hobgoblins
  6 quokkas
  2 ball pythons (D:2)
  A bat (D:3)
  6 frilled lizards
  7 kobolds
  4 rats
61 creatures vanquished.

Notes
Turn   | Place    | Note
-------+----------+-------------------------------------------
     0 | D:1      | mopl the Formicid Gladiator began the quest for the Orb.
     0 | D:1      | Reached XP level 1. HP: 16/16 MP: 1/1
   273 | D:1      | Reached XP level 2. HP: 20/22 MP: 2/2
   901 | D:2      | Reached skill level 4 in Staves
   901 | D:2      | Reached XP level 3. HP: 27/27 MP: 3/3
   931 | D:2      | Found a glowing golden altar of the Shining One.
  1216 | D:2      | Reached XP level 4. HP: 14/33 MP: 4/4
  1704 | D:3      | Reached skill level 5 in Staves
  2170 | D:3      | Reached XP level 5. HP: 38/38 MP: 5/5
  2369 | D:4      | Reached skill level 6 in Staves
  2369 | D:4      | Reached XP level 6. HP: 31/44 MP: 6/6
  2497 | D:4      | Found a glowing golden altar of the Shining One.
  2506 | D:4      | Noticed Pargi
  2521 | D:4      | Killed Pargi
  2522 | D:4      | Reached skill level 7 in Staves
  2671 | D:4      | Noticed Edmund
  2794 | D:4      | Slain by Edmund

Illustrated notes

Levels and vault maps discovered:
D:1:      ncdulo_watergridlock, layout_basic
D:2:      layout_basic, basic_altar
D:3:      layout_loops_ring
D:4:      layout_basic, mainiacjoe_overflow_alcove_2, tso_metal_star,
          uniq_edmund, uniq_pargi, uniq_blork_the_orc

Skill      XL: |  1  2  3  4  5  6 |
---------------+-------------------+-----
Staves         | 4 5 6 7 |  7.0
Fighting       | |  2.1
Throwing       | |  2.0
Dodging        | |  2.6

Action                     |  1- 3 |  4- 6 || total
---------------------------+-------+-------++-------
  Melee: Quarterstaff      |   104 |   126 ||   230
  Throw: Dart              |       |     5 ||     5
         Throwing net      |       |     3 ||     3
   Stab: Held in net/web   |       |     3 ||     3
 Armour: Scale mail        |    71 |    33 ||   104
         Chain mail        |       |    33 ||    33
         Plate armour      |       |    14 ||    14
  Dodge: Dodged            |    61 |    63 ||   124

Table legend: (Time is in decaauts)
 A = Elapsed time spent in this place.
 B = Non-inter-level travel time spent in this place.
 C = Inter-level travel time spent in this place.
 D = Time resting spent in this place.
 E = Time spent auto-exploring this place.
 F = Levels seen in this place.
 G = Mean time per level.
                   A        B        C        D        E       F      G
               +--------+--------+--------+--------+--------+-----+--------+
         Total |   2805 |   2714 |     91 |    230 |   1905 |   4 |  701.2 |
       Dungeon |   2805 |   2714 |     91 |    230 |   1905 |   4 |  701.2 |
               +--------+--------+--------+--------+--------+-----+--------+

Top non-repeatable levels by time:
     D:1: 856 daAuts
     D:2: 796 daAuts
     D:3: 699 daAuts
     D:4: 453 daAuts
